 Seeded DCSS version 0.28.0-47-ge53b351184 (webtiles) character file.

Game seed: 666 (custom seed)

26 nedac the Charlatan (level 3, 22/26 HPs)
             Began as a Human Artificer on May 11, 2022.
             Quit the game on level 1 of the Dungeon.
             The game lasted 00:15:08 (812 turns).

nedac the Charlatan (Human Artificer)                Turns: 812, Time: 00:15:09

Health: 22/26      AC:  4    Str: 12    XL:     3   Next: 22%
Magic:  3/3        EV: 11    Int: 13    God:
Gold:   73         SH:  3    Dex: 13    Spells: 2/2 levels left

rFire   . . .      SeeInvis .   i - +0 club
rCold   . . .      Faith    .   f - +0 buckler
rNeg    . . .      Spirit   .   h - +0 leather armour
rPois   .          Reflect  .   g - +0 helmet
rElec   .          Harm     .   (no cloak)
rCorr   .          Rampage  .   (no gloves)
Will    .....                   (no boots)
Stlth   +.........              (no amulet)
HPRegen 0.08/turn               (no ring)
MPRegen 0.08/turn               (no ring)

@: no status effects
A: no striking features
a: no special abilities


You were on level 1 of the Dungeon.
You visited 1 branch of the dungeon, and saw 1 of its levels.

You collected 73 gold pieces.

Inventory:

Hand Weapons
 a - a +0 club
 i - a +0 club (weapon)
Armour
 b - a +0 leather armour
 f - a +0 buckler (worn)
 g - a +0 helmet (worn)
 h - a +0 leather armour (worn)
Jewellery
 k - a ring of wizardry
Wands
 c - a wand of flame (6) (quivered)
 d - a wand of charming (14)
Scrolls
 j - a scroll of immolation {unknown}
 l - a scroll of noise {unknown}
Miscellaneous
 e - a piece from Xom's chessboard (14/15)


   Skills:
 - Level 1.0 Fighting
 - Level 2.1 Armour
 + Level 1.1 Dodging
 - Level 1.0 Stealth
 * Level 0.3 Spellcasting
 * Level 3.9 Evocations


You had 2 spell levels left.
You didn't know any spells.
Your spell library was empty.

Dungeon Overview and Level Annotations

Branches:
Dungeon (1/15)

Altars:


Message History

You barely miss the giant cockroach.
The giant cockroach is almost dead.
The giant cockroach bites you but does no damage. x2
You hit the giant cockroach.
You kill the giant cockroach!
You barely miss the hobgoblin.
The hobgoblin hits you but does no damage.
You hit the hobgoblin but do no damage.
The hobgoblin hits you but does no damage.
The hobgoblin barely misses you.
You closely miss the hobgoblin. The hobgoblin hits you.
You barely miss the hobgoblin.
The hobgoblin hits you but does no damage.
You barely miss the hobgoblin. The hobgoblin closely misses you.
The hobgoblin hits you but does no damage.
You hit the hobgoblin but do no damage.
The hobgoblin hits you but does no damage.
You barely miss the hobgoblin. You block the hobgoblin's attack.
You barely miss the hobgoblin. The hobgoblin closely misses you.
You block the hobgoblin's attack.
You hit the hobgoblin.
The hobgoblin is heavily wounded.
The hobgoblin hits you.
You completely miss the hobgoblin.
The hobgoblin is heavily wounded.
The hobgoblin closely misses you.
You closely miss the hobgoblin.
The hobgoblin is heavily wounded.
You block the hobgoblin's attack.
The hobgoblin hits you but does no damage.
You hit the hobgoblin.
You kill the hobgoblin!
Things that are here:
a hobgoblin corpse; a giant cockroach corpse; a hobgoblin corpse You now have 64 gold pieces (gained 18).
Found 9 gold pieces.
You now have 73 gold pieces (gained 9).
Unknown command.
Char dumped successfully.
Are you sure you want to abandon this character and quit the game? (Confirm with "yes".)

*###* *#...#*
*#.**#.## *.#*
*#.####### ##.#
#.......#
##########..##
##.#####.#
.............###@##
#.#
...#####........##
#.# #..# ##...#####
##.##### #..# ##.##
#......#**** ...#
#.# #..###....,,
#..# #.#
#..##*,,##**
#..#######'##
#...#*,,* *
...##...#...##
#.#.#*,,****
#####.#......##
###.#.#*,,*#,,


There were no monsters in sight!

Vanquished Creatures
  3 bats (D:1)
  2 giant cockroaches (D:1)
  A goblin (D:1)
  6 hobgoblins (D:1)
  3 jackals (D:1)
  4 ball pythons (D:1)
  2 frilled lizards (D:1)
  3 rats (D:1)
24 creatures vanquished.

Notes
Turn   | Place    | Note
-------+----------+-------------------------------------------
     0 | D:1      | nedac the Human Artificer began the quest for the Orb.
     0 | D:1      | Reached XP level 1. HP: 15/15 MP: 1/1
   212 | D:1      | Reached XP level 2. HP: 20/21 MP: 2/2
   637 | D:1      | Reached XP level 3. HP: 19/26 MP: 3/3
   812 | D:1      | Quit the game

Illustrated notes

Levels and vault maps discovered:
D:1:      eino_arrival_cavern_d, layout_loops_corners, serial_rivers,
          chequers_serial_rivers_marsh, chequers_serial_rivers_marsh,
          chequers_serial_rivers_micro_c, chequers_serial_rivers_micro_e,
          chequers_serial_rivers_micro_c, chequers_serial_rivers_room_a,
          minmay_misc_feat_encased

Action                   || total
-------------------------++-------
Melee: Club              ||   121
Evoke: Wand              ||    10
       Piece from Xom's  ||     2
  Use: Scroll            ||     3
 Stab: Sleeping          ||     2
       Petrified         ||     9
       Petrifying        ||     2
Armor: Leather armour    ||    55
Dodge: Dodged            ||    78
Block: Buckler           ||    16
